 Dungeon Crawl Stone Soup version 0.22.0-78-g6c94d2c (webtiles) character file.

1731 MalarOregon the Cleaver (level 9, -5/75 HPs)
             Began as a Hill Orc Fighter on Sept 16, 2018.
             Was a Believer of Beogh.
             Killed from afar by an electric eel (13 damage)
             ... with a bolt of electricity
             ... on level 6 of the Dungeon.
             The game lasted 00:08:56 (5746 turns).

MalarOregon the Cleaver (Hill Orc Fighter)          Turns: 5746, Time: 00:08:57

Health: -5/75      AC: 11    Str: 19    XL:     9   Next: 5%
Magic:  12/12      EV:  8    Int: 11    God:    Beogh [**....]
Gold:   417        SH: 12    Dex: 10    Spells: 8/8 levels left

rFire    . . .     SeeInvis .   a - +1 war axe
rCold    . . .     Gourm    .   c - +2 shield
rNeg     . . .     Faith    .   b - +0 scale mail
rPois    .         Spirit   .   n - +0 helmet
rElec    .         Reflect  .   k - +0 cloak
rCorr    .         Harm     .   i - +0 pair of gloves
MR       .....                  (no boots)
Stlth    ..........             (no amulet)
HPRegen  0.22/turn              (no ring)
MPRegen  0.13/turn              (no ring)

@: very slow
A: no striking features
a: Smiting, Renounce Religion


You were on level 6 of the Dungeon.
You worshipped Beogh.
Beogh was pleased with you.
You were near starving.

You visited 2 branches of the dungeon, and saw 7 of its levels.
You also visited: Sewer.

You collected 417 gold pieces.

Inventory:

Hand Weapons
 a - a +1 war axe (weapon)
Missiles
 s - 4 tomahawks (quivered)
Armour
 b - a +0 scale mail (worn)
 c - a +2 shield (worn)
 i - a +0 pair of gloves (worn)
 k - a +0 cloak (worn)
 n - a +0 helmet (worn)
Jewellery
 u - a cursed ring of teleportation {unknown}
 w - an uncursed ring of magical power {unknown}
 x - the ring of Toaggaf {rElec rC- rN+++ MR+ Stlth+, unknown}
   (You found it on level 6 of the Dungeon)

   [ring of stealth]

   It makes you vulnerable to cold.
   It insulates you from electricity.
   It renders you almost immune to negative energy.
   It affects your resistance to hostile enchantments.
   It makes you more stealthy.
Scrolls
 h - 4 scrolls of remove curse
 l - 3 scrolls of fear
 p - 2 scrolls of identify
 q - a scroll of teleportation
 t - 4 scrolls of enchant weapon
 v - a scroll of fog
Potions
 d - 3 potions of might
 e - a potion of heal wounds
 g - a potion of agility
 j - 4 potions of curing
 m - a potion of flight {unknown}
 o - 2 potions of cancellation
Comestibles
 f - 7 rations


   Skills:
 + Level 6.2 Fighting
 * Level 8.5 Axes
 + Level 5.7 Armour
 * Level 7.5 Shields
 + Level 4.6 Invocations


You had 8 spell levels left.
You didn't know any spells.
Your spell library was empty.

Dungeon Overview and Level Annotations

Branches:
Dungeon (6/15)             Temple (1/1) D:6

Altars:
Cheibriados
Dithmenos
Elyvilon
Fedhas
Hepliaklqana
Okawaru
Qazlal
Trog
Uskayaw
Wu Jian
Xom
Zin
The Shining One


Message History

HP restored.
The electric eel shoots out a bolt of lightning at you!
The bolt of electricity hits you! The bolt of electricity misses you.
The electric eel shoots out a bolt of lightning at you!
The bolt of electricity hits you! x2
You enter the shallow water.
Moving in this stuff is going to be slow.
The electric eel shoots out a bolt of lightning at you!
The bolt of electricity hits you!
The electric eel shoots out a bolt of lightning at you!
The bolt of electricity hits you! x2
* * * LOW HITPOINT WARNING * * *
The electric eel shoots out a bolt of lightning at you!
The bolt of electricity hits you!
* * * LOW HITPOINT WARNING * * *
The bolt of electricity hits you!
* * * LOW HITPOINT WARNING * * *
The electric eel shoots out a bolt of lightning at you!
The bolt of electricity hits you!
You die...

..## ...# ...# ..## #'##
...# ############# ...#
#####............ ...#
##.....♣♣♣≈♣P♣♣♣#
...####..≈♣P♣≈≈≈@≈♣
..###...♣≈♣≈≈♣;≈;♣≈≈≈≈≈♣
..##..♣♣♣≈P≈≈≈≈≈≈≈P≈♣≈P♣
<.##.♣PP≈≈♣P≈≈≈≈≈≈≈≈PP ≈
....♣♣P≈P≈(≈P≈≈≈≈≈≈≈≈≈≈
...♣≈P≈P≈≈≈≈≈≈≈≈≈≈≈≈≈≈≈≈
...≈♣≈≈≈≈≈≈≈≈≈≈≈≈≈≈≈≈≈≈≈
...≈♣≈≈≈≈≈≈≈≈≈≈≈≈≈≈≈≈≈≈
..##♣P≈≈≈≈P♣≈≈≈≈≈≈


You could see 2 electric eels.

Vanquished Creatures
  A phantom (D:6)
  A black bear (D:4)
  2 sky beasts
  4 ogres
  A centaur (D:5)
  2 bullfrogs (Sewer)
  A water moccasin skeleton (D:6)
  An electric eel (D:6)
  A crimson imp (D:6)
  A bullfrog zombie (D:5)
  3 hounds
  A centaur skeleton (D:5)
  An orc priest (D:5)
  Terence (D:2)
  Jessica (D:2)
  An iguana (D:4)
  3 orc wizards
  2 worker ants (D:5)
  A killer bee zombie (D:6)
  Robin (D:2)
  3 gnolls (D:5)
  7 adders
  5 oozes (Sewer)
  3 worms
  3 dart slugs
  11 leopard geckos
  23 orcs
  2 bats
  16 giant cockroaches
  15 goblins
  9 hobgoblins
  5 quokkas
  8 ball pythons
  12 frilled lizards
  6 kobolds
  A quokka skeleton (D:5)
  7 rats
166 creatures vanquished.

Vanquished Creatures (others)
  A goblin (D:3)
  A frilled lizard (D:3)
2 creatures vanquished.

Grand Total: 168 creatures vanquished

Notes
Turn   | Place    | Note
-------+----------+-------------------------------------------
     0 | D:1      | MalarOregon the Hill Orc Fighter began the quest for the
                  | Orb.
     0 | D:1      | Reached XP level 1. HP: 19/19 MP: 1/1
   567 | D:1      | Reached skill level 3 in Axes
   579 | D:1      | Reached XP level 2. HP: 27/27 MP: 2/2
  1170 | D:2      | Reached XP level 3. HP: 33/33 MP: 3/3
  1271 | D:2      | Noticed Jessica
  1279 | D:2      | Killed Jessica
  1279 | D:2      | Reached XP level 4. HP: 33/40 MP: 4/4
  1346 | D:2      | Noticed Robin
  1350 | D:2      | Reached skill level 4 in Axes
  1362 | D:2      | Killed Robin
  1657 | D:2      | Noticed Terence
  1673 | D:2      | Killed Terence
  1673 | D:2      | Reached XP level 5. HP: 37/46 MP: 5/5
  2122 | D:3      | Became a worshipper of Beogh the Brigand
  2267 | D:3      | Reached skill level 5 in Axes
  2324 | D:3      | Found a hide-covered altar of Uskayaw.
  2429 | D:3      | Reached XP level 6. HP: 53/53 MP: 6/6
  2603 | D:4      | Reached skill level 5 in Shields
  2603 | D:4      | Reached skill level 1 in Invocations
  2661 | D:4      | Found a shadowy altar of Dithmenos.
  2798 | D:4      | Found a glowing drain.
  2810 | D:4      | Reached XP level 7. HP: 57/60 MP: 8/8
  2845 | Sewer    | Entered a sewer
  2905 | Sewer    | Reached * piety under Beogh
  3060 | Sewer    | Reached skill level 5 in Fighting
  3144 | Sewer    | Reached skill level 6 in Axes
  3503 | D:5      | Entered Level 5 of the Dungeon
  3519 | D:5      | Found a snail-covered altar of Cheibriados.
  3608 | D:5      | Reached ** piety under Beogh
  3608 | D:5      | Reached XP level 8. HP: 42/69 MP: 10/10
  3779 | D:5      | Reached skill level 5 in Armour
  3912 | D:5      | Reached skill level 7 in Axes
  4660 | D:6      | Got a scorched jade ring
  4790 | D:6      | Found a staircase to the Ecumenical Temple.
  4795 | D:6      | Reached skill level 8 in Axes
  4961 | Temple   | Entered the Ecumenical Temple
  5119 | D:6      | Reached XP level 9. HP: 71/75 MP: 12/12
  5746 | D:6      | Killed from afar by an electric eel

Skill      XL: |  1  2  3  4  5  6  7  8 |
---------------+-------------------------+-----
Axes           | 3 4 5 6 8 |  8.5
Fighting       | 4 5 6 |  6.2
Shields        | 4 5 6 7 |  7.5
Armour         | 4 5 |  5.7
Invocations    | 1 3 4 |  4.6

Action                   |  1- 3 |  4- 6 |  7- 9 || total
-------------------------+-------+-------+-------++-------
Melee: War axe           |    79 |   145 |   423 ||   647
Throw: Tomahawk          |       |       |     4 ||     4
Invok: Convert to Beogh  |       |     1 |       ||     1
  Use: Potion            |     2 |       |     1 ||     3
       Scroll            |       |     9 |     2 ||    11
  Eat: Chunk             |     1 |     2 |     9 ||    12
       Ration            |       |     1 |       ||     1
Armor: Scale mail        |    42 |    73 |   186 ||   301
Dodge: Dodged            |    20 |    50 |   102 ||   172
Block: Shield            |    51 |    74 |   279 ||   404
